 Dungeon Crawl Stone Soup version 0.22-a0-430-g6609fc6 (webtiles) character file.

476 KristoblXynda the Chopper (level 6, -3/51 HPs)
             Began as a Draconian Monk on May 26, 2018.
             Was a Believer of Qazlal.
             Killed by divine providence
             ... invoked by an orc priest
              (12 damage)
             ... on level 4 of the Dungeon.
             The game lasted 00:08:29 (4620 turns).

KristoblXynda the Chopper (Draconian Monk)          Turns: 4620, Time: 00:08:29

Health: -3/51      AC:  6    Str: 11 (14) XL:     6   Next: 85%
Magic:  2/6        EV: 14    Int: 12      God:    Qazlal [**....]
Gold:   187        SH:  3    Dex: 14 (15) Spells: 5/5 levels left

rFire    . . .     SeeInvis .   a - +0 hand axe
rCold    . . .     Gourm    .   (no shield)
rNeg     . . .     Faith    .   (armour unavailable)
rPois    .         Spirit   .   (helmet restricted)
rElec    .         Reflect  .   (no cloak)
rCorr    .         Harm     .   (no gloves)
MR       .....                  (no boots)
Stlth    ++........             (no amulet)
HPRegen  0.17/turn              (no ring)
MPRegen  0.10/turn              (no ring)

@: no status effects
A: unfitting armour, stinger 2, agile 1, cold-blooded, AC +6
a: Upheaval, Renounce Religion


You were on level 4 of the Dungeon.
You worshipped Qazlal.
Qazlal was pleased with you.
You were hungry.

You visited 1 branch of the dungeon, and saw 4 of its levels.

You collected 187 gold pieces.

Inventory:

Hand Weapons
 a - a +0 hand axe (weapon)
Scrolls
 e - 4 scrolls of remove curse
 f - a scroll of amnesia {unknown}
 h - 2 scrolls of identify {unknown}
 i - 2 scrolls of teleportation {unknown}
 n - a scroll of enchant armour
Potions
 c - a potion of heal wounds
 d - a potion of mutation
Comestibles
 b - 6 rations


   Skills:
 - Level 3.2 Fighting
 * Level 6.6 Axes
 + Level 4.6 Dodging
 - Level 1.7 Stealth


You had 5 spell levels left.
You didn't know any spells.
Your spell library was empty.

Dungeon Overview and Level Annotations

Branches:
Dungeon (4/15)
 Temple: D:4-7

Altars:
Elyvilon
Qazlal
Ru

Annotations:
D:3 Grinder
D:4 Purgy


Innate Abilities, Weirdness & Mutations

Your plain brown scales are hard. (AC +6)
You cannot fit into any form of body armour.
You are cold-blooded and may be slowed by cold attacks.
Your tail ends in a sharp poisonous barb.
You are agile. (Dex +2)


Message History

Purgy is severely wounded.
Purgy bites you. Purgy closely misses you. You block Purgy's attack.
You closely miss Purgy.
Purgy is severely wounded.
Purgy misses you. You block Purgy's attack. Purgy claws you.
You miss Purgy.
Purgy is severely wounded.
Purgy closely misses you. x2; Purgy barely misses you.
You hit Purgy.
Your tail-slap misses Purgy.
Purgy is almost dead.
Purgy looks more healthy.
The orc priest calls down the wrath of Beogh upon you.
Beogh smites you!
* * * LOW HITPOINT WARNING * * *
Purgy bites you.
* * * LOW HITPOINT WARNING * * *
You block Purgy's attack. Purgy misses you.
The orc priest mumbles some strange prayers to Beogh against you.
Beogh smites you!
You die...

#.........##..########..##
##.....######.....[.<..##
#.......#
#.......###########
#.......###
#.................##
#.........#
##......#########...
##.....##.# #......# ####
##...###.# #......# #####
#.## ##.##### #..## #@#
##..###T# ##..##o###
##..olo.# ###..#.#####
##...o.>.# #....<...
#.....l... #......$..


You could see Purgy, an iguana, 2 orc priests and an orc.

Vanquished Creatures
  An ogre (D:4)
  A scorpion (D:4)
  3 orc wizards
  3 worker ants (D:4)
  3 gnolls (D:3)
  7 adders
  A shadow imp (D:3)
  An ooze (D:1)
  An adder skeleton (D:4)
  A worm (D:2)
  3 leopard geckos
  6 orcs
  4 bats
  2 giant cockroaches (D:1)
  6 goblins
  9 hobgoblins
  5 jackals
  7 kobolds
  3 quokkas
  A ball python (D:3)
  7 frilled lizards
  6 rats
81 creatures vanquished.

Notes
Turn   | Place    | Note
-------+----------+-------------------------------------------
     0 | D:1      | KristoblXynda the Draconian Monk began the quest for the Orb.
     0 | D:1      | Reached XP level 1. HP: 19/19 MP: 1/1
   128 | D:1      | Reached XP level 2. HP: 24/26 MP: 2/2
   782 | D:2      | Found a faded altar of an unknown god.
   938 | D:2      | Reached XP level 3. HP: 17/31 MP: 3/3
   944 | D:2      | Reached skill level 4 in Axes
   952 | D:2      | Reached XP level 4. HP: 9/38 MP: 4/4
  2131 | D:3      | Found a sacrificial altar of Ru.
  2166 | D:3      | Reached skill level 5 in Axes
  2173 | D:3      | Noticed an air elemental
  2175 | D:3      | Found a stormy altar of Qazlal.
  2176 | D:3      | Noticed an earth elemental
  2176 | D:3      | Noticed a water elemental
  2176 | D:3      | Noticed a fire elemental
  2181 | D:3      | Became a worshipper of Qazlal Stormbringer
  2181 | D:3      | Reached * piety under Qazlal
  2181 | D:3      | Reached ** piety under Qazlal
  2183 | D:3      | Reached XP level 5. HP: 44/45 MP: 5/5
  2676 | D:3      | HP: 1/45 [gnoll/spear (7)]
  2810 | D:3      | Found a white marble altar of Elyvilon.
  2842 | D:3      | HP: 2/45 [something (3)]
  3191 | D:4      | Noticed Purgy
  3301 | D:4      | Reached XP level 6. HP: 8/51 MP: 6/6
  3309 | D:4      | Gained mutation: Your tail ends in a poisonous barb. [potion of mutation]
  3309 | D:4      | Gained mutation: You are agile. (Dex +2) [potion of mutation]
  3309 | D:4      | Gained mutation: Your tail ends in a sharp poisonous barb. [potion of mutation]
  3497 | D:4      | Reached skill level 6 in Axes
  3553 | D:4      | Noticed Grinder
  3595 | D:4      | Paralysed by Grinder for 2 turns
  4076 | D:3      | Paralysed by Grinder for 2 turns
  4080 | D:3      | Paralysed by Grinder for 2 turns
  4620 | D:4      | Killed from afar by an orc priest

Vault maps used:
D:1:      eino_arrival_cavern_d
D:2:      chequers_ecumenical_altar_simple_redux, minmay_tetromino_s2
D:3:      overflow_temple_1_default, nicolae_ru_awakened_eye,
          hangedman_feature_mirror, nicolae_qazlal_style_of_elements
D:4:      uniq_purgy, uniq_grinder

Skill      XL: |  1  2  3  4  5  6 |
---------------+-------------------+-----
Dodging        | 3 4 |  4.6
Axes           | 4 5 6 |  6.6
Fighting       | |  3.2
Stealth        | |  1.7

Action                   |  1- 3 |  4- 6 || total
-------------------------+-------+-------++-------
Melee: Hand axe          |    74 |   283 ||   357
       Tailslap          |     9 |    44 ||    53
Invok: Upheaval          |       |     1 ||     1
  Use: Potion            |       |     7 ||     7
       Scroll            |       |     3 ||     3
 Stab: Sleeping          |     7 |     4 ||    11
  Eat: Chunk             |       |     8 ||     8
       Ration            |       |     1 ||     1
Armor: Skin              |    19 |    63 ||    82
Dodge: Dodged            |    41 |   213 ||   254
Block: Other             |       |    27 ||    27

Table legend:
 A = Spawn XP
 B = Non-spawn XP
 C = Spawn XP percentage of total XP
 D = Spawn monster count
 E = Non-spawn monster count
 F = Spawn count percentage of total count
 G = Total turns spent on level
                    A         B        C        D         E        F      G
               +---------+---------+-------+---------+---------+-------+---------
         Total |       0 |     681 |   0.0 |       0 |      81 |   0.0 |  4620
               +---------+---------+-------+---------+---------+-------+---------
           D:1 |       0 |      31 |   0.0 |       0 |      14 |   0.0 |   778
           D:2 |       0 |     131 |   0.0 |       0 |      26 |   0.0 |  1260
           D:3 |       0 |     205 |   0.0 |       0 |      31 |   0.0 |  1659
           D:4 |       0 |     314 |   0.0 |       0 |      10 |   0.0 |   923
               +---------+---------+-------+---------+---------+-------+---------
